 Dungeon Crawl Stone Soup version bcrawl-1.19.1 (webtiles) character file.

Game seed: 3077558616216616226

368 Freyura the Shield-Bearer (level 6, -2/38 HPs)
             Began as a Skeleton Fighter on Nov 25, 2019.
             Slain by a slave (3 damage)
             ... led by Pikel
             ... on level 4 of the Dungeon.
             The game lasted 00:08:27 (2921 turns).

Freyura the Shield-Bearer (Skeleton Fighter)        Turns: 2921, Time: 00:08:28

Health: -2/38      AC:  7    Str: 20 (22) XL:     6   Next: 41%
Magic:  0/6        EV:  9    Int:  7      God:
Gold:   240        SH:  9    Dex: 10      Spells: 5/5 levels left

rFire    . . .     SeeInvis .   a - +1 flail
rCold    + . .     Gourm    .   c - +0 shield
rNeg     + + +     Faith    .   b - +0 scale mail
rPois    ∞         Spirit   +   (no helmet)
rElec    .         Reflect  .   (no cloak)
rCorr    .         Harm     .   (no gloves)
MR       .....                  (no boots)
Stlth    ..........             d - amulet of regeneration
HPRegen  0.52/turn              p - ring of attention (curse)
MPRegen  0.10/turn              (no ring)

@: no status effects
A: no food or potions, cold resistance 1, deterioration 1, negative energy
resistance 3, powered by death 1, torment resistance, unbreathing, magic shield,
sturdy frame 1, spell healing
a: no special abilities


You were on level 4 of the Dungeon.
You were not hungry.

You visited 1 branch of the dungeon, and saw 4 of its levels.

You collected 240 gold pieces.

Inventory:

Hand Weapons
 a - a +1 flail (weapon)
Armour
 b - a +0 scale mail (worn)
 c - a +0 shield (worn)
 o - a +0 chain mail
Jewellery
 d - an amulet of regeneration (around neck)
 g - an uncursed ring of fire
 p - a cursed ring of attention (left hand)
Wands
 l - a wand of flame (15)
Scrolls
 e - a scroll of magic mapping
 f - a scroll of blinking
 h - a scroll of enchant armour {unknown}
 i - a scroll of remove curse
 j - a scroll of teleportation {unknown}
 k - a scroll of fog {unknown}
 m - a scroll of noise {unknown}
 n - 3 scrolls of identify


   Skills:
 + Level 4.1 Fighting
 + Level 4.3 Maces & Flails
 + Level 4.5 Armour
 + Level 2.5 Dodging
 + Level 5.0 Shields


You had 5 spell levels left.
You didn't know any spells.
Your spell library contained the following spells:

 Spells                   Type           Power        Failure   Level  Hunger
 Magic Dart               Conj           #...         97%         1    N/A
 Blink                    Tloc           N/A          99%         2    N/A
 Call Imp                 Summ           #.....       99%         2    N/A
 Searing Ray              Conj           #.....       99%         2    N/A
 Conjure Flame            Conj/Fire      #.......     100%        3    N/A
 Iskenderun's Mystic Bla  Conj           #.......     100%        3    N/A
 Mephitic Cloud           Conj/Pois/Air  #.......     100%        3    N/A
 Fulminant Prism          Conj/Hex       #.........   100%        4    N/A
 Irradiate                Conj/Tmut      #.........   100%        5    N/A
 Spider Form              Tmut/Pois      Unusable     N/A         3    N/A

Dungeon Overview and Level Annotations

Branches:
Dungeon (4/12)
 Temple: D:4-7

Altars:
Fedhas
Hepliaklqana
Kikubaaqudgha
Ru
Uskayaw
Yredelemnul
Zin

Annotations:
D:4 Pikel


Innate Abilities, Weirdness & Mutations

You do not eat or drink.
You are immune to poison.
Your flesh is cold resistant. (rC+)
Your body sometimes deteriorates upon taking damage.
You are immune to negative energy. (rN+++)
You regenerate a little health from kills.
You are immune to unholy pain and torment.
You can survive without breathing.
When hurt, damage is shared between your health and your magic reserves.
Your movements are slightly less encumbered by armour. (ER -2)
Casting spells heals you.


Message History

* * * LOW HITPOINT WARNING * * *
You block Pikel's attack. The slave closely misses you. x2
You thump Pikel!
Pikel is heavily wounded.
The slave closely misses you.
Pikel hits you with a +2 whip of freezing.
* * * LOW HITPOINT WARNING * * *
You block the slave's attack. The slave hits you but does no damage.
Pikel hits you with a +2 whip of freezing.
* * * LOW HITPOINT WARNING * * *
Your body deteriorates!
You feel weakened. Pikel freezes you.
* * * LOW HITPOINT WARNING * * *
The slave closely misses you.
You hit Pikel.
Pikel is severely wounded.
The slave hits you.
* * * LOW HITPOINT WARNING * * *
The slave barely misses you. The slave hits you.
You die...

#>...##.# ...
##...####
##....## .
###...# #..
#..###..####
....
#..........#..#
##...........#
.........pp####
.###.###.p@#
..# #.#K# ...
....p. ..
.........
###..#....#
...#..... ##.
..).... #
........


You could see Pikel and 4 slaves.

Vanquished Creatures
  A hungry ghost (D:4)
  An ice beast (D:3)
  A worker ant (D:4)
  4 adders
  4 oozes
  3 worms
  A dart slug (D:2)
  2 leopard geckos
  An orc (D:3)
  5 giant cockroaches
  7 goblins
  11 hobgoblins
  A quokka (D:3)
  A ball python (D:2)
  3 bats
  11 frilled lizards
  4 kobolds
  4 rats
  A spectral orc (D:3)
66 creatures vanquished.

Notes
Turn   | Place    | Note
-------+----------+-------------------------------------------
     0 | D:1      | Freyura the Skeleton Fighter began the quest for the Orb.
     0 | D:1      | Reached XP level 1. HP: 14/14 MP: 1/1
    48 | D:1      | Reached XP level 2. HP: 19/19 MP: 2/2
   384 | D:1      | Reached skill level 4 in Shields
   384 | D:1      | Reached XP level 3. HP: 23/23 MP: 3/3
   390 | D:1      | Reached skill level 1 in Dodging
  1100 | D:2      | Noticed a +0 dagger
  1100 | D:2      | Noticed a +0 dagger
  1166 | D:2      | Found a hide-covered altar of Uskayaw.
  1259 | D:2      | Found a sacrificial altar of Ru.
  1421 | D:2      | Found a hazy altar of Hepliaklqana.
  1449 | D:2      | Found an ancient bone altar of Kikubaaqudgha.
  1450 | D:2      | Found a blossoming altar of Fedhas.
  1732 | D:3      | Reached XP level 4. HP: 28/28 MP: 4/4
  1948 | D:3      | Noticed an ice beast
  1968 | D:3      | Killed an ice beast
  1968 | D:3      | Reached XP level 5. HP: 29/33 MP: 5/5
  2100 | D:3      | Found a basalt altar of Yredelemnul.
  2748 | D:4      | Noticed a hungry ghost
  2789 | D:4      | Killed a hungry ghost
  2789 | D:4      | Reached skill level 5 in Shields
  2789 | D:4      | Gained mutation: You regenerate a little health from kills.
                  | [Skeleton growth]
  2789 | D:4      | Reached XP level 6. HP: 30/38 MP: 4/6
  2887 | D:4      | Found a glowing silver altar of Zin.
  2906 | D:4      | Noticed Pikel
  2906 | D:4      | Noticed a slave
  2906 | D:4      | Noticed a slave
  2906 | D:4      | Noticed a slave
  2907 | D:4      | Noticed a slave
  2921 | D:4      | HP: 1/38 [slave[Pikel] (2)]
  2921 | D:4      | Slain by a slave

Skill      XL: |  1  2  3  4  5 |
---------------+----------------+-----
Shields        | 4 5 |  5.0
Dodging        | 1 2 |  2.5
Maces & Flails | 3 4 |  4.3
Armour         | 4 |  4.5
Fighting       | 4 |  4.1

Action                   |  1- 3 |  4- 6 || total
-------------------------+-------+-------++-------
Melee: Flail             |   106 |   156 ||   262
  Use: Scroll            |     6 |       ||     6
Armor: Scale mail        |    34 |    59 ||    93
Dodge: Dodged            |    27 |    55 ||    82
Block: Shield            |    53 |    82 ||   135
